CAL (WIN)
LYNCHBURG HILLCATS @ MYRTLE BEACH PELICANS
12/11/2046
 
TOP OF THE 1ST
Lynchburg Hillcats batting - Pitching for Myrtle Beach Pelicans : RHP Nicolai Volnov
Pitching: RHP Nicolai Volnov
Batting: SHB Arturo Baez 0-0: Ball
1-0: Ball
2-0: Swinging Strike
2-1: Ground out 5-3 (Groundball, 6, EV 89.4 MPH)
Batting: RHB Leo Loetzsch 0-0: Ball
1-0: Ground out 5-3 (Groundball, 56, EV 91.9 MPH)
Batting: LHB Nick Welling 0-0: Ball
1-0: Foul Ball, location: 2F
1-1: Foul Ball, location: 2F
1-2: Strikes out swinging
Top of the 1st over - 0 runs, 0 hits, 0 errors, 0 left on base; Lynchburg 0 - Myrtle Beach 0
BOTTOM OF THE 1ST
Myrtle Beach Pelicans batting - Pitching for Lynchburg Hillcats : LHP Heath Ryland
Pitching: LHP Heath Ryland
Batting: RHB Eric Wiss 0-0: Ball
1-0: Ball
2-0: Ball
3-0: Called Strike
3-1: Base on Balls
Batting: RHB David Barnard 0-0: Ball
1-0: Called Strike
Eric Wiss steals 2nd base
1-1: Ground out 6-3 (Groundball, 56, EV 108.1 MPH)
Batting: RHB Brad Santanello 0-0: Ball
1-0: Called Strike
1-1: Foul Ball, location: 2F
1-2: Strikes out swinging
Batting: SHB Gabriel Cruz 0-0: Ground out 6-3 (Groundball, 6MS, EV 84.4 MPH)
Bottom of the 1st over - 0 runs, 0 hits, 0 errors, 1 left on base; Lynchburg 0 - Myrtle Beach 0
TOP OF THE 2ND
Lynchburg Hillcats batting - Pitching for Myrtle Beach Pelicans : RHP Nicolai Volnov
Batting: LHB Jeff Palmowski 0-0: Called Strike
0-1: Called Strike
0-2: Foul Ball, location: 2F
0-2: Strikes out swinging
Batting: LHB Danny Moreno 0-0: Ground out 4-3 (Groundball, 34, EV 100.6 MPH)
Batting: RHB Adrian Martinelli 0-0: Called Strike
0-1: Called Strike
0-2: Strikes out looking
Top of the 2nd over - 0 runs, 0 hits, 0 errors, 0 left on base; Lynchburg 0 - Myrtle Beach 0
BOTTOM OF THE 2ND
Myrtle Beach Pelicans batting - Pitching for Lynchburg Hillcats : LHP Heath Ryland
Batting: RHB Ricardo Aguinaga 0-0: Called Strike
0-1: Ball
1-1: Ball
2-1: Fly out, F8 (Flyball, 8LD, EV 89.4 MPH)
Batting: RHB Andy Huntley 0-0: Called Strike
0-1: Called Strike
0-2: Ball
1-2: Strikes out swinging
Batting: LHB Wing-tat Tai 0-0: Ball
1-0: Swinging Strike
1-1: Ball
2-1: Foul Ball, location: 2F
2-2: Strikes out swinging
Bottom of the 2nd over - 0 runs, 0 hits, 0 errors, 0 left on base; Lynchburg 0 - Myrtle Beach 0
TOP OF THE 3RD
Lynchburg Hillcats batting - Pitching for Myrtle Beach Pelicans : RHP Nicolai Volnov
Batting: RHB Tsega Haida 0-0: Ball
1-0: Called Strike
1-1: Ground out 6-3 (Groundball, 6, EV 90.0 MPH)
Batting: LHB Adam Barry 0-0: Called Strike
0-1: Ball
1-1: Ball
2-1: Swinging Strike
2-2: Strikes out swinging
Batting: LHB John Dietrich 0-0: Ground out 3-1 (Groundball, 34, EV 80.6 MPH)
Top of the 3rd over - 0 runs, 0 hits, 0 errors, 0 left on base; Lynchburg 0 - Myrtle Beach 0
BOTTOM OF THE 3RD
Myrtle Beach Pelicans batting - Pitching for Lynchburg Hillcats : LHP Heath Ryland
Batting: LHB Mark Huey 0-0: Ball
1-0: Ball
2-0: Foul Ball, location: 2F
2-1: Ball
3-1: Ground out 4-3 (Groundball, 34, EV 100.0 MPH)
Batting: LHB Adam Conover 0-0: Ball
1-0: Called Strike
1-1: Ball
2-1: Swinging Strike
2-2: Foul Ball, location: 2F
2-2: Fly out, F8 (Flyball, 89S, EV 89.4 MPH)
Pitching: RHP Mike Borell
Batting: RHB Eric Wiss 0-0: DOUBLE (Line Drive, 9LM, EV 101.2 MPH)
Batting: RHB David Barnard 0-0: Ball
1-0: Foul Ball, location: 2F
1-1: Called Strike
1-2: Ball
2-2: Ball
3-2: Foul Ball, location: 2F
3-2: Fly out, F8 (Flyball, 8RS, EV 83.1 MPH)
Bottom of the 3rd over - 0 runs, 1 hit, 0 errors, 1 left on base; Lynchburg 0 - Myrtle Beach 0
TOP OF THE 4TH
Lynchburg Hillcats batting - Pitching for Myrtle Beach Pelicans : RHP Nicolai Volnov
Batting: SHB Arturo Baez 0-0: Ball
1-0: Called Strike
1-1: Called Strike
1-2: Foul Ball, location: 2F
1-2: Foul Ball, location: 2F
1-2: Foul Ball, location: 2F
1-2: Strikes out swinging
Batting: RHB Leo Loetzsch 0-0: Called Strike
0-1: Swinging Strike
0-2: Ball
1-2: Foul Ball, location: 2F
1-2: Ball
2-2: Foul Ball, location: 2F
2-2: Foul Ball, location: 2F
2-2: Foul Ball, location: 2F
2-2: Ball
3-2: Foul Ball, location: 2F
3-2: Base on Balls
Batting: LHB Nick Welling 0-0: Ball
Leo Loetzsch is caught stealing 2nd base 2-6
1-0: SOLO HOME RUN (Flyball, 89XD, EV 103.8 MPH), Distance : 398 ft
Batting: LHB Jeff Palmowski 0-0: Called Strike
0-1: Called Strike
0-2: Ball
1-2: Foul Ball, location: 2F
1-2: Strikes out swinging
Top of the 4th over - 1 run, 1 hit, 0 errors, 0 left on base; Lynchburg 1 - Myrtle Beach 0
BOTTOM OF THE 4TH
Myrtle Beach Pelicans batting - Pitching for Lynchburg Hillcats : RHP Mike Borell
Batting: RHB Brad Santanello 0-0: Called Strike
0-1: Fly out, F7 (Flyball, 78XD, EV 101.9 MPH)
Batting: SHB Gabriel Cruz 0-0: Ball
1-0: Called Strike
1-1: Foul Ball, location: 2F
1-2: Foul Ball, location: 2F
1-2: Strikes out looking
Batting: RHB Ricardo Aguinaga 0-0: Ball
1-0: Foul Ball, location: 2F
1-1: Swinging Strike
1-2: Strikes out swinging
Bottom of the 4th over - 0 runs, 0 hits, 0 errors, 0 left on base; Lynchburg 1 - Myrtle Beach 0
TOP OF THE 5TH
Lynchburg Hillcats batting - Pitching for Myrtle Beach Pelicans : RHP Nicolai Volnov
Batting: LHB Danny Moreno 0-0: Ball
1-0: Ball
2-0: Ball
3-0: Called Strike
3-1: Base on Balls
Batting: RHB Adrian Martinelli 0-0: Called Strike
0-1: Ball
1-1: Called Strike
1-2: Fielders Choice at 2nd, 3-6 (Groundball, 3, EV 93.1 MPH)
Batting: RHB Tsega Haida 0-0: Ball
1-0: Ball
2-0: Called Strike
2-1: Fly out, F7 (Flyball, 7, EV 83.8 MPH)
Batting: LHB Adam Barry 0-0: Swinging Strike
0-1: Called Strike
0-2: Strikes out swinging
Top of the 5th over - 0 runs, 0 hits, 0 errors, 1 left on base; Lynchburg 1 - Myrtle Beach 0
BOTTOM OF THE 5TH
Myrtle Beach Pelicans batting - Pitching for Lynchburg Hillcats : RHP Mike Borell
Batting: RHB Andy Huntley 0-0: Ball
1-0: Foul Ball, location: 2F
1-1: Ball
2-1: Ball
3-1: Base on Balls
Batting: LHB Wing-tat Tai 0-0: Ball
1-0: Ball
2-0: Ground out U3 (Groundball, 3S, EV 61.9 MPH)
Andy Huntley to second
Batting: LHB Mark Huey 0-0: Ball
1-0: Ball
2-0: Ball
3-0: Base on Balls
Batting: LHB Adam Conover 0-0: Foul Ball, location: 2F
0-1: Foul Ball, location: 2F
0-2: Ball
1-2: Foul Ball, location: 2F
1-2: Ball
2-2: Fielders Choice at 2nd, 3-6 (Groundball, 3, EV 91.2 MPH)
Andy Huntley to third
Batting: RHB Eric Wiss 0-0: Ball
1-0: Foul Ball, location: 2F
1-1: Swinging Strike
1-2: Ball
2-2: Strikes out swinging
Bottom of the 5th over - 0 runs, 0 hits, 0 errors, 2 left on base; Lynchburg 1 - Myrtle Beach 0
TOP OF THE 6TH
Lynchburg Hillcats batting - Pitching for Myrtle Beach Pelicans : RHP Nicolai Volnov
Batting: LHB John Dietrich 0-0: Ball
1-0: Foul Ball, location: 2F
1-1: Ball
2-1: Swinging Strike
2-2: Strikes out swinging
Batting: SHB Arturo Baez 0-0: Called Strike
0-1: TRIPLE (Line Drive, 8LXD, EV 108.8 MPH)
Batting: RHB Leo Loetzsch 0-0: Called Strike
0-1: Ball
1-1: Foul Ball, location: 2F
1-2: DOUBLE (Line Drive, 5D, EV 95.0 MPH)
Arturo Baez scores
Batting: LHB Nick Welling 0-0: Called Strike
0-1: Ball
Leo Loetzsch steals 3rd base
1-1: SINGLE (Line Drive, 6M, EV 97.5 MPH)
Leo Loetzsch scores
Batting: LHB Jeff Palmowski 0-0: Called Strike
0-1: Swinging Strike
0-2: Ball
1-2: Foul Ball, location: 2F
1-2: Foul Ball, location: 2F
1-2: Strikes out looking
Batting: LHB Danny Moreno 0-0: Called Strike
0-1: Ball
1-1: Called Strike
Nick Welling is caught stealing 2nd base 2-6
Top of the 6th over - 2 runs, 3 hits, 0 errors, 0 left on base; Lynchburg 3 - Myrtle Beach 0
BOTTOM OF THE 6TH
Myrtle Beach Pelicans batting - Pitching for Lynchburg Hillcats : RHP Mike Borell
Batting: RHB David Barnard 0-0: Called Strike
0-1: Foul Ball, location: 2F
0-2: Ball
1-2: Strikes out swinging
Batting: RHB Brad Santanello 0-0: Called Strike
0-1: Foul Ball, location: 2F
0-2: Strikes out swinging
Batting: SHB Gabriel Cruz 0-0: Ball
1-0: Ground out 5-3 (Groundball, 56S, EV 85.6 MPH)
Bottom of the 6th over - 0 runs, 0 hits, 0 errors, 0 left on base; Lynchburg 3 - Myrtle Beach 0
TOP OF THE 7TH
Lynchburg Hillcats batting - Pitching for Myrtle Beach Pelicans : RHP Nicolai Volnov
Batting: LHB Danny Moreno 0-0: Called Strike
0-1: Ball
1-1: Called Strike
1-2: SINGLE (Groundball, 34S, EV 70.6 MPH) (infield hit)
Batting: RHB Adrian Martinelli 0-0: Called Strike
0-1: Ball
1-1: Called Strike
1-2: TRIPLE (Flyball, 89XD, EV 103.1 MPH)
Danny Moreno scores
Pinch Runner at 3rd Dave Key:
Batting: RHB Tsega Haida 0-0: Swinging Strike
0-1: Ball
1-1: Swinging Strike
1-2: Strikes out looking
Pitching: RHP Carlos Zavala
Batting: LHB Adam Barry 0-0: Ball
1-0: Swinging Strike
1-1: Ground out 4-3 (Groundball, 4MS, EV 79.4 MPH)
Dave Key scores
Batting: LHB John Dietrich 0-0: Ball
1-0: Foul Ball, location: 2F
1-1: Ball
2-1: Ball
3-1: Fly out, F8 (Flyball, 8RS, EV 89.4 MPH)
Top of the 7th over - 2 runs, 2 hits, 0 errors, 0 left on base; Lynchburg 5 - Myrtle Beach 0
BOTTOM OF THE 7TH
Myrtle Beach Pelicans batting - Pitching for Lynchburg Hillcats : RHP Mike Borell
Now at 3B: Diwan Abdul-Salam
Batting: RHB Ricardo Aguinaga 0-0: Foul Ball, location: 2F
0-1: Foul Ball, location: 2F
0-2: Ball
1-2: Strikes out swinging
Batting: RHB Andy Huntley 0-0: Called Strike
0-1: Ball
1-1: Ball
2-1: Ball
3-1: Fly out, F8 (Flyball, 8LXD, EV 103.1 MPH)
Batting: LHB Wing-tat Tai 0-0: Ball
1-0: Ball
2-0: SINGLE (Groundball, 34D, EV 98.8 MPH)
Batting: LHB Mark Huey 0-0: Called Strike
Wing-tat Tai is caught stealing 2nd base 2-6
Bottom of the 7th over - 0 runs, 1 hit, 0 errors, 0 left on base; Lynchburg 5 - Myrtle Beach 0
TOP OF THE 8TH
Lynchburg Hillcats batting - Pitching for Myrtle Beach Pelicans : RHP Carlos Zavala
Batting: SHB Arturo Baez 0-0: Called Strike
0-1: Ball
1-1: Ball
2-1: Foul Ball, location: 2F
2-2: Foul Ball, location: 2F
2-2: Foul Ball, location: 2F
2-2: Ball
3-2: Ground out 5-3 (Groundball, 56, EV 86.9 MPH)
Batting: RHB Leo Loetzsch 0-0: Foul Ball, location: 2F
0-1: Called Strike
0-2: Ball
1-2: Ball
2-2: Fly out, F7 (Flyball, 7, EV 86.2 MPH)
Batting: LHB Nick Welling 0-0: Called Strike
0-1: Ball
1-1: Swinging Strike
1-2: Foul Ball, location: 2F
1-2: Strikes out swinging
Top of the 8th over - 0 runs, 0 hits, 0 errors, 0 left on base; Lynchburg 5 - Myrtle Beach 0
BOTTOM OF THE 8TH
Myrtle Beach Pelicans batting - Pitching for Lynchburg Hillcats : RHP Mike Borell
Batting: LHB Mark Huey 0-0: Called Strike
0-1: Foul Ball, location: 2F
0-2: Strikes out looking
Batting: LHB Adam Conover 0-0: Ball
1-0: Fly out, F5 (Popup, 56S, EV 80.6 MPH)
Batting: RHB Eric Wiss 0-0: Foul Ball, location: 2F
0-1: Ball
1-1: Ball
2-1: Ball
3-1: Called Strike
3-2: Base on Balls
Batting: RHB David Barnard 0-0: Called Strike
0-1: Ball
1-1: Called Strike
1-2: Strikes out looking
Bottom of the 8th over - 0 runs, 0 hits, 0 errors, 1 left on base; Lynchburg 5 - Myrtle Beach 0
TOP OF THE 9TH
Lynchburg Hillcats batting - Pitching for Myrtle Beach Pelicans : RHP Carlos Zavala
Pitching: RHP Jake Newman
Batting: LHB Jeff Palmowski 0-0: Swinging Strike
0-1: TRIPLE (Flyball, 78XD, EV 100.6 MPH)
Batting: LHB Danny Moreno 0-0: Ball
1-0: Called Strike
1-1: Ball
2-1: Foul Ball, location: 2F
2-2: Foul Ball, location: 2F
2-2: Strikes out looking
Batting: RHB Diwan Abdul-Salam 0-0: Ball
1-0: Called Strike
1-1: Swinging Strike
1-2: Strikes out swinging
Batting: RHB Tsega Haida 0-0: Ball
1-0: Foul Ball, location: 2F
1-1: Swinging Strike
1-2: Strikes out swinging
Top of the 9th over - 0 runs, 1 hit, 0 errors, 1 left on base; Lynchburg 5 - Myrtle Beach 0
BOTTOM OF THE 9TH
Myrtle Beach Pelicans batting - Pitching for Lynchburg Hillcats : RHP Mike Borell
Now in RF: Travis Burnett
Batting: RHB Brad Santanello 0-0: Ball
1-0: Ball
2-0: Fly out, F8 (Flyball, 8RM, EV 90.6 MPH)
Batting: SHB Gabriel Cruz 0-0: Ball
1-0: Called Strike
1-1: Foul Ball, location: 2F
1-2: Reached on error, E4 (Groundball, 34, EV 90.6 MPH)
Pitching: RHP Jonah Syndergaard
Batting: RHB Ricardo Aguinaga 0-0: Called Strike
0-1: Ball
1-1: Called Strike
1-2: Foul Ball, location: 2F
1-2: Foul Ball, location: 2F
1-2: DOUBLE (Flyball, 8RXD, EV 91.9 MPH)
Gabriel Cruz scores
Batting: RHB Andy Huntley 0-0: Ball
1-0: Swinging Strike
1-1: Ball
2-1: Swinging Strike
2-2: Strikes out swinging
Batting: LHB Wing-tat Tai 0-0: Fly out, F8 (Flyball, 89M, EV 91.9 MPH)
Bottom of the 9th over - 1 run, 1 hit, 1 error, 1 left on base; Lynchburg 5 - Myrtle Beach 1
Tuesday, September 13th , 2022 - OOTP Baseball 23.7 Build 88